 Dungeon Crawl Stone Soup version 0.31-a0-1139-gec03705108 (webtiles) character file.

Game seed: 16276908364170907342

2829 Gumption the Zephyrmancer (level 9, -8/68 HPs)
             Began as a Red Draconian Air Elementalist on Dec 6, 2023.
             Was an Initiate of Yredelemnul.
             Mangled by Duvessa
             ... wielding a +0 short sword
              (12 damage)
             ... on level 7 of the Dungeon.
             The game lasted 01:15:21 (10880 turns).

Gumption the Zephyrmancer (DrAE)                   Turns: 10880, Time: 01:15:22

Health: -8/68      AC:  7    Str: 10    XL:     9   Next: 45%
Magic:  1/16       EV: 10    Int: 20    God:    Yredelemnul [......]
Gold:   220        SH: 10    Dex: 12    Spells: 6/18 levels left

rFire   + . .        a - +5 dagger (venom)
rCold   . . .        c - +0 kite shield
rNeg    . . .        (body armour unavailable)
rPois   +            (helmet restricted)
rElec   .            (no cloak)
rCorr   .            (no gloves)
SInv    .            (no boots)
Will    .....        (no amulet)
Stlth   ++           o - ring of poison resistance
HPRegen 0.31/turn    (no ring)
MPRegen 0.15/turn

%: no passive effects
@: no status effects
A: breathe fire, AC +7, unfitting armour, fire resistance 1, cold-blooded
a: Breathe Fire, Renounce Religion, Recall Undead Harvest


You were on level 7 of the Dungeon.
You worshipped Yredelemnul.
Yredelemnul was noncommittal.
You visited 1 branch of the dungeon, and saw 7 of its levels.

You collected 426 gold pieces.
You spent 206 gold pieces at shops.

Inventory:

Hand Weapons
 a - a +5 dagger of venom (weapon)
 b - a +2 dagger of speed
Missiles
 t - 12 poisoned darts
Armour
 c - a +0 kite shield (worn)
Magical Staves
 e - a staff of conjuration
 q - a staff of cold
Jewellery
 o - a ring of poison resistance (left hand)
 C - an amulet of faith
Wands
 k - a wand of flame (20)
 l - a wand of roots (25)
 A - a wand of mindburst (6)
 D - a wand of polymorph (7)
Scrolls
 d - a scroll of noise {unknown}
 f - a scroll of silence {unknown}
 g - a scroll of poison
 i - 4 scrolls of teleportation
 n - a scroll of enchant armour {unknown}
 p - a scroll of amnesia {unknown}
 s - a scroll of revelation {unknown}
 v - a scroll of fog {unknown}
 w - a scroll of blinking {unknown}
 B - a scroll of vulnerability {unknown}
Potions
 h - a potion of degeneration {unknown}
 j - a potion of brilliance {unknown}
 m - a potion of mutation {unknown}
 r - 4 potions of curing
 u - a potion of haste {unknown}
 x - a potion of enlightenment
 y - 3 potions of heal wounds
 z - a potion of might {unknown}


   Skills:
 - Level 2.6 Fighting
 - Level 1.7 Dodging
 - Level 1.7 Stealth
 * Level 7.0 Shields
 - Level 5.0 Spellcasting
 - Level 4.0 Conjurations
 * Level 9.0 Air Magic


You had 6 spell levels left.
You knew the following spells:

 Your Spells              Type           Power      Damage    Failure   Level
a - Shock                 Conj/Air       100%       1d9       2%          1
b - Static Discharge      Conj/Air       62%        3-6/arc   4%          2
c - Airstrike             Air            20%        2d(3-19)  10%         4
d - Swiftness             Air            41%        N/A       3%          3
e - Searing Ray           Conj           42%        2d6       12%         2

Your spell library contained the following spells:

 Spells                   Type           Power      Damage    Failure   Level
 Magic Dart               Conj           84%        1d7       8%          1
 Apportation              Tloc           10%        N/A       38%         1
 Necrotise                Necr           20%        1d5       38%         1
 Summon Small Mammal      Summ           20%        N/A       38%         1
 Inner Flame              Hex/Fire       5%         N/A       77%         3
 Fulminant Prism          Conj/Hex       6%         3d7       87%         4
 Yara's Violent Unravell  Hex/Tmut       2%         3d3       100%        5
 Enfeeble                 Hex            2%         N/A       100%        7


Dungeon Overview and Level Annotations

Branches:
Dungeon (7/15)             Temple (0/1) D:6

Altars:
Elyvilon
Fedhas
Kikubaaqudgha
Makhleb
Sif Muna
Yredelemnul
Zin

Shops:
D:4 *

Annotations:
D:6 Grinder
D:7 Duvessa, Prince Ribbit


Innate Abilities, Weirdness & Mutations

You can breathe blasts of fire.
Your fiery red scales are hard. (AC +7)
You cannot fit into any form of body armour.
Your flesh is heat resistant. (rF+)
You are cold-blooded and may be slowed by cold attacks.


Message History

You are struck by an arc of lightning.
* * * LOW HITPOINT WARNING * * *
Duvessa is struck by an arc of lightning.
Duvessa is heavily wounded.
The lightning grounds out.
Duvessa hits you with a +0 short sword!
* * * LOW HITPOINT WARNING * * *
Casting: Static Discharge (safe; 4% risk of failure)
Confirm with . or Enter, or press ? or * to list all spells.
Duvessa is struck by an arc of lightning.
Duvessa is heavily wounded.
You are struck by an arc of lightning.
* * * LOW HITPOINT WARNING * * *
Duvessa is struck by an arc of lightning.
Duvessa is severely wounded.
You are struck by an arc of lightning.
* * * LOW HITPOINT WARNING * * *
The lightning grounds out.
You block Duvessa's attack. Duvessa hits you with a +0 short sword!
* * * LOW HITPOINT WARNING * * *
It was a potion of heal wounds.
You feel much better. Duvessa hits you with a +0 short sword!
* * * LOW HITPOINT WARNING * * *
Unknown command.
Casting: Static Discharge (safe; 4% risk of failure)
Confirm with . or Enter, or press ? or * to list all spells.
Duvessa is struck by an arc of lightning.
Duvessa is severely wounded.
You are struck by an arc of lightning.
* * * LOW HITPOINT WARNING * * *
Duvessa is struck by an arc of lightning.
You are struck by an arc of lightning.
Duvessa hits you but does no damage. Duvessa hits you with a +0 short sword!
* * * LOW HITPOINT WARNING * * *
Casting: Static Discharge (safe; 4% risk of failure)
Confirm with . or Enter, or press ? or * to list all spells.
Duvessa is struck by an arc of lightning.
Duvessa is severely wounded.
You are struck by an arc of lightning.
Duvessa hits you with a +0 short sword!
You die...
Your body rises from the dead as a mindless zombie.

########
#......######
#.###.......#
#.##.##....#.#.#
#..........e@#.#
.....##.###....##.#
#... #.......###.#
.. #####.#.###.#
#.## ....#.......#
#..# ....###.#####
#..# ..>.# #.#
#..##...# #.#
#..#... #.#


You could see Duvessa (berserk).

Vanquished Creatures
  An unseen horror (D:6)
  A hornet (D:7)
  2 ice beasts (D:5)
  An orc warrior (D:7)
  An ogre (D:5)
  A centaur (D:7)
  2 bullfrogs (D:7)
  A scorpion (D:7)
  6 wights
  Dowan (D:7)
  A howler monkey (D:6)
  5 hounds
  3 jellies
  An orc priest (D:5)
  2 sleepcaps
  Ijyb (D:5)
  2 iguanas
  8 orc wizards
  Natasha (thrice) (D:2)
  Robin (D:4)
  6 gnolls
  8 adders
  An orc zombie (D:7)
  2 dart slugs
  2 worms
  12 orcs
  6 ball pythons
  6 bats
  A bat zombie (D:3)
  5 endoplasms
  2 giant cockroaches (D:3)
  A gnoll zombie (D:6)
  17 goblins
  9 hobgoblins
  8 jackals
  2 quokkas
  2 frilled lizards (D:1)
  A giant cockroach zombie (D:3)
  A goblin zombie (D:3)
  7 kobolds
  A rat (D:2)
144 creatures vanquished.

Vanquished Creatures (collateral kills)
  2 ice beasts (D:5)
  A phantom (D:5)
  A scorpion (D:6)
  A sleepcap (D:5)
  An iguana (D:5)
  An orc wizard (D:3)
  An adder (D:5)
  2 gnolls
  5 orcs
  2 hobgoblins
  A quokka (D:5)
18 creatures vanquished.

Vanquished Creatures (others)
  A human (D:6)
  An orc priest (D:6)
  An orc wizard (D:6)
  2 ice beast zombies (D:5)
  An ogre zombie (D:5)
  2 hound zombies
  3 adder zombies
  2 iguana zombies
  A jelly zombie (D:6)
  5 orcs (D:6)
  3 bat zombies
  6 gnoll zombies
  2 ball python zombies
  2 endoplasm zombies
  5 goblin zombies (D:4)
  2 hobgoblin zombies (D:4)
  A jackal zombie (D:3)
  A kobold zombie (D:4)
  4 orc zombies
  A rat zombie (D:2)
46 creatures vanquished.

Grand Total: 208 creatures vanquished

Notes
Turn   | Place    | Note
-------+----------+-------------------------------------------
     0 | D:1      | Gumption the Draconian Air Elementalist began the quest for
                  | the Orb.
     0 | D:1      | Reached XP level 1. HP: 14/14 MP: 3/3
   533 | D:1      | Reached XP level 2. HP: 22/22 MP: 1/5
  1282 | D:2      | Learned a level 2 spell: Static Discharge
  1432 | D:2      | Reached XP level 3. HP: 25/27 MP: 0/6
  1549 | D:2      | Reached skill level 1 in Fighting
  1894 | D:2      | Found a basalt altar of Yredelemnul.
  1943 | D:2      | Became a worshipper of Yredelemnul the Dark
  2313 | D:2      | Reached XP level 4. HP: 29/35 MP: 4/7
  2315 | D:2      | Reached * piety under Yredelemnul
  2316 | D:2      | Reached skill level 4 in Air Magic
  2704 | D:2      | Noticed Natasha
  2707 | D:2      | Killed Natasha
  2759 | D:2      | Noticed Natasha
  2782 | D:2      | Killed Natasha
  2783 | D:2      | Reached XP level 5. HP: 15/41 MP: 0/8
  3027 | D:2      | Found a basalt altar of Yredelemnul.
  3586 | D:2      | Noticed Natasha
  3607 | D:2      | Killed Natasha
  4278 | D:3      | Learned a level 4 spell: Airstrike
  4519 | D:3      | Found an ancient bone altar of Kikubaaqudgha.
  4522 | D:3      | Reached XP level 6. HP: 47/48 MP: 10/10
  4655 | D:3      | Found a blossoming altar of Fedhas.
  4657 | D:3      | Found a glowing silver altar of Zin.
  4674 | D:3      | Found a faded altar of an unknown god.
  5103 | D:3      | Learned a level 3 spell: Swiftness
  5556 | D:4      | Found Yxzi's Assorted Antiques.
  5558 | D:4      | Noticed Robin
  5589 | D:4      | Killed Robin
  5771 | D:4      | Bought a scroll labelled MAREMA XAICOTZ for 28 gold pieces
  5771 | D:4      | Bought a scroll labelled JADUHI AVIG for 28 gold pieces
  5771 | D:4      | Bought a puce potion for 25 gold pieces
  5771 | D:4      | Bought a red potion for 25 gold pieces
  5771 | D:4      | Bought 2 puce potions for 50 gold pieces
  5771 | D:4      | Bought a cyan potion for 25 gold pieces
  5771 | D:4      | Bought a black potion for 25 gold pieces
  5968 | D:4      | Reached skill level 5 in Air Magic
  6746 | D:5      | Entered Level 5 of the Dungeon
  6811 | D:5      | Reached skill level 1 in Shields
  6811 | D:5      | Your scales start taking on a fiery red colour.
  6811 | D:5      | Reached XP level 7. HP: 30/56 MP: 2/12
  6811 | D:5      | Gained mutation: Your flesh is heat resistant. (rF+) [Red
                  | Draconian growth]
  6900 | D:5      | Found a shimmering blue altar of Sif Muna.
  7125 | D:5      | Reached skill level 6 in Air Magic
  7454 | D:5      | Found a white marble altar of Elyvilon.
  7474 | D:5      | Reached XP level 8. HP: 61/62 MP: 8/14
  7643 | D:5      | Found a burning altar of Makhleb.
  7694 | D:5      | Noticed Ijyb
  7720 | D:5      | Killed Ijyb
  7958 | D:5      | Reached skill level 7 in Air Magic
  8201 | D:6      | Found a runed translucent door.
  8206 | D:6      | Found a basalt altar of Yredelemnul.
  8218 | D:6      | Killed an unseen horror
  8219 | D:6      | Reached skill level 5 in Shields
  8472 | D:6      | Found a staircase to the Ecumenical Temple.
  8489 | D:6      | Learned a level 2 spell: Searing Ray
  8835 | D:6      | Noticed Grinder
  9050 | D:6      | Reached skill level 5 in Spellcasting
  9050 | D:6      | Reached skill level 8 in Air Magic
  9050 | D:6      | Reached XP level 9. HP: 68/68 MP: 12/16
  9965 | D:7      | Noticed Duvessa
 10615 | D:7      | Noticed Prince Ribbit
 10778 | D:7      | Noticed Dowan
 10790 | D:7      | Killed Dowan
 10796 | D:7      | Reached skill level 9 in Air Magic
 10879 | D:7      | HP: 3/68 [Duvessa/+0 short sword (13)]
 10880 | D:7      | Mangled by Duvessa

Illustrated notes

Levels and vault maps discovered:
D:1:      amcnicky_arrival_gap_in_the_tavern_cellar, layout_basic,
          wander_ebering_terrifying_dragon_lair
D:2:      layout_basic, basic_altar, uniq_natasha
D:3:      layout_loops_ring, lemuel_zombie_altar_kikubaaqudgha,
          chequers_temple_overflow_statue_of_worship,
          nicolae_ecumenical_oubliette
D:4:      layout_basic, serial_shops, shop, uniq_robin
D:5:      layout_loops_ring, general_overflow_altar, hangedman_feature_mirror,
          uniq_ijyb
D:6:      layout_basic, dk_yredelemnul_ordeal, temple_hall,
          minmay_curled_crystal, uniq_grinder
D:7:      minmay_the_grid_octo_tiled_squarecenter
          [minmay_the_grid_octo_fan_narrow, minmay_the_grid_octo_odd_swirl,
          minmay_the_grid_octo_fat_diamond, minmay_the_grid_octo_chip,
          minmay_the_grid_square_5x5_megaprize_hollow,
          minmay_the_grid_square_5x5_inner_v, minmay_the_grid_square_5x5_fat_x,
          minmay_the_grid_square_5x5_three, minmay_the_grid_square_5x5_mess],
          layout_loops_cross, uniq_crazy_yiuf_cottage, uniq_prince_ribbit1,
          uniq_duvessa

Skill      XL: |  1  2  3  4  5  6  7  8  9 |
---------------+----------------------------+-----
Fighting       | 1 2 |  2.6
Conjurations   | 2 3 4 |  4.0
Air Magic      | 4 5 6 8 9 |  9.0
Spellcasting   | 3 4 5 |  5.0
Shields        | 1 3 5 7 |  7.0
Dodging        | |  1.7
Stealth        | |  1.7

Action                     |  1- 3 |  4- 6 |  7- 9 || total
---------------------------+-------+-------+-------++-------
  Melee: Dagger            |     7 |    44 |    38 ||    89
         Tailslap          |       |     6 |     5 ||    11
   Cast: Shock             |    71 |   108 |    59 ||   238
         Static Discharge  |       |    13 |    41 ||    54
         Airstrike         |       |       |     3 ||     3
 Invoke: Recall Undead Har |       |     2 |       ||     2
Ability: Breathe Fire      |       |       |    17 ||    17
    Use: Potion            |     1 |     1 |     2 ||     4
         Scroll            |       |     3 |     4 ||     7
   Stab: Sleeping          |       |     2 |       ||     2
         Distracted        |       |       |     1 ||     1
 Armour: Skin              |    18 |    69 |   118 ||   205
  Dodge: Dodged            |    28 |    32 |    24 ||    84
  Block: Kite shield       |       |       |    36 ||    36

Table legend: (Time is in decaauts)
 A = Elapsed time spent in this place.
 B = Non-inter-level travel time spent in this place.
 C = Inter-level travel time spent in this place.
 D = Time resting spent in this place.
 E = Time spent auto-exploring this place.
 F = Levels seen in this place.
 G = Mean time per level.
                   A        B        C        D        E       F      G
               +--------+--------+--------+--------+--------+-----+--------+
         Total |  10886 |  10626 |    260 |   3170 |   3073 |   7 | 1555.1 |
       Dungeon |  10886 |  10626 |    260 |   3170 |   3073 |   7 | 1555.1 |
               +--------+--------+--------+--------+--------+-----+--------+

Top non-repeatable levels by time:
     D:2: 2845 daAuts
     D:6: 1879 daAuts
     D:4: 1604 daAuts
     D:5: 1412 daAuts
     D:1: 1255 daAuts
     D:3: 1041 daAuts
     D:7: 848 daAuts
